 Dungeon Crawl Stone Soup version 0.30-a0-824-g6c64550be9 (webtiles) character file.

Game seed: 9886984390434473415

210 Nacht the Digger (level 5, -7/52 HPs)
             Began as a Demonspawn Earth Elementalist on Feb 27, 2023.
             Killed by divine providence
             ... invoked by an orc priest
              (11 damage)
             ... on level 5 of the Dungeon.
             The game lasted 00:03:49 (3404 turns).

Nacht the Digger (Demonspawn Earth Elementalist)    Turns: 3404, Time: 00:03:49

Health: -7/52      AC:  3    Str:  8    XL:     5   Next: 57%
Magic:  3/8        EV: 12    Int: 19    God:
Gold:   185        SH:  0    Dex: 13    Spells: 2/8 levels left

rFire   . . .      SeeInvis .    (no weapon)
rCold   . . .      Faith    .    (no shield)
rNeg    . . .      Spirit   .    a - +0 robe
rPois   .          Reflect  .    (no helmet)
rElec   .          Harm     .    (no cloak)
rCorr   +          Rampage  .    b - +0 pair of gloves
Will    .....                    (no boots) Stlth
                                 (no amulet)
HPRegen 0.28/turn                t - ring of resist corrosion
MPRegen 0.11/turn                (no ring)

@: berserking, very quick
A: ignite blood 1
a: no special abilities


You were on level 5 of the Dungeon.
You visited 1 branch of the dungeon, and saw 5 of its levels.

You collected 185 gold pieces.

Inventory:

Missiles
 f - 2 poisoned darts
Armour
 a - a +0 robe (worn)
 b - a +0 pair of gloves (worn)
Jewellery
 t - a ring of resist corrosion (left hand)
Wands
 m - a wand of roots (12)
Scrolls
 d - 2 scrolls of vulnerability {unknown}
 e - 6 scrolls of identify {unknown}
 i - a scroll of noise {unknown}
 j - a scroll of magic mapping {unknown}
 l - 4 scrolls of teleportation {unknown}
 p - a scroll of fog {unknown}
 q - a scroll of enchant armour {unknown}
 r - a scroll of poison {unknown}
 v - a scroll of silence {unknown}
Potions
 g - a potion of experience {unknown}
 h - a potion of curing {unknown}
 k - a potion of lignification {unknown}
 n - a potion of brilliance {unknown}
 o - 4 potions of haste {unknown}
 s - a potion of ambrosia {unknown}
 u - a potion of degeneration {unknown}


   Skills:
 - Level 1.7 Dodging
 - Level 1.7 Stealth
 - Level 2.0 Spellcasting
 - Level 2.0 Conjurations
 - Level 0.8 Transmutations
 + Level 5.4 Earth Magic


You had 2 spell levels left.
You knew the following spells:

 Your Spells              Type           Power      Damage    Failure   Level
a - Sandblast             Erth           44%        2d11      1%          1
b - Stone Arrow           Conj/Erth      30%        3d8       11%         3
w - Passwall              Tmut/Erth      10%        N/A       7%          2

Your spell library contained the following spells:

 Spells                   Type           Power      Damage    Failure   Level
 Momentum Strike          Conj/Tloc      10%        3d8       17%         2
 Blink                    Tloc           2%         N/A       26%         2
 Cigotuvi's Dreadful Rot  Necr/Pois/Air  2%         N/A       26%         2
 Ensorcelled Hibernation  Hex/Ice        2%         N/A       26%         2
 Lesser Beckoning         Tloc           2%         N/A       26%         2
 Poisonous Vapours        Pois/Air       2%         N/A       26%         2
 Mephitic Cloud           Conj/Pois/Air  4%         N/A       36%         3
 Spider Form              Tmut/Pois      3%         N/A       38%         3
 Petrify                  Tmut/Erth      13%        N/A       43%         4
 Anguish                  Hex/Necr       0%         N/A       86%         4


Dungeon Overview and Level Annotations

Branches:
Dungeon (5/15)
 Temple: D:4-7

Altars:
Qazlal
Trog
Xom
Yredelemnul

Shops:
D:1 :*[[


Innate Abilities, Weirdness & Mutations

Your demonic aura sometimes causes spilled blood to erupt in flames.


Message History

Aim: an orc wizard, wielding a +0 dagger and wearing a +0 robe (almost dead, 79% to hit)
The blast of sand hits the orc wizard.
The orc wizard is almost dead.
The orc wizard misses you.
The orc priest calls upon Beogh to heal the orc wizard.
The orc wizard is healed somewhat.
Casting: Sandblast (safe; 1% risk of failure)
Confirm with . or Enter, or press ? or * to list all spells.
Aiming: Sandblast (safe; 1% risk of failure)
Press: ? - help, Shift-Dir - straight line, f/p - orc wizard
Aim: an orc wizard, wielding a +0 dagger and wearing a +0 robe (severely wounded, 79% to hit)
The blast of sand misses the orc wizard.
The orc wizard points at you and mumbles some strange words.
You are confused.
The orc wizard hits you with a +0 dagger.
The orc priest looks braver for a moment.
You're too confused to cast spells.
The orc wizard hits you with a +0 dagger.
The orc priest invokes the aid of Beogh against you.
Beogh smites you!
You're too confused to cast spells.
The orc wizard hits you but does no damage.
A red film seems to cover your vision as you go berserk!
You feel yourself moving faster!
You feel mighty!
The orc wizard points at you and mumbles some strange words.
You resist with some effort.
You closely miss the orc wizard.
The orc wizard is severely wounded.
You bump into the rock wall.
The orc wizard casts a spell at you. The puff of flame hits you!
* * * LOW HITPOINT WARNING * * *
You bump into the rock wall.
You feel a strong urge to attack something.
You feel less confused.
The orc wizard hits you with a +0 dagger.
* * * LOW HITPOINT WARNING * * *
The orc priest calls down the wrath of Beogh upon you.
Beogh smites you!
You die...

.. #.$_ ..
#.$. ..
.#!.. #.
.#### #.
..... #####o
###..#
#....o##...#
#@..#######
#..<.......
#...#######
##.## #.#
#.# ..# ...
###


You could see an orc priest and an orc wizard.

Vanquished Creatures
  A hound (D:4)
  An iguana (D:4)
  4 gnolls (D:3)
  4 adders
  2 dart slugs (D:1)
  2 orcs
  8 ball pythons
  8 bats
  6 endoplasms
  5 giant cockroaches
  7 goblins
  6 hobgoblins
  A jackal (D:4)
  5 kobolds
  2 quokkas (D:1)
  2 frilled lizards
  4 rats
68 creatures vanquished.

Notes
Turn   | Place    | Note
-------+----------+-------------------------------------------
     0 | D:1      | Nacht the Demonspawn Earth Elementalist began the quest for
                  | the Orb.
     0 | D:1      | Reached XP level 1. HP: 13/13 MP: 3/3
   118 | D:1      | Reached skill level 3 in Earth Magic
   222 | D:1      | Found Hoqugach's Armour Boutique.
   244 | D:1      | Gained mutation: Your demonic aura sometimes causes spilled
                  | blood to erupt in flames. [demonic ancestry]
   244 | D:1      | Reached XP level 2. HP: 18/19 MP: 3/5
   302 | D:1      | Found Pisawil's General Store.
   769 | D:1      | Reached XP level 3. HP: 24/24 MP: 4/6
   806 | D:1      | Found Quthemed's Book Boutique.
  1014 | D:1      | Found Ythrarphu's Armour Emporium.
  1262 | D:2      | Reached skill level 4 in Earth Magic
  1345 | D:2      | Found a shimmering altar of Xom.
  1931 | D:2      | Learned a level 3 spell: Stone Arrow
  1934 | D:2      | Learned a level 2 spell: Passwall
  2082 | D:3      | Found a basalt altar of Yredelemnul.
  2228 | D:3      | Reached XP level 4. HP: 30/30 MP: 5/7
  2235 | D:3      | Reached skill level 1 in Conjurations
  2299 | D:3      | Found a bloodstained altar of Trog.
  2705 | D:4      | Reached skill level 5 in Earth Magic
  2705 | D:4      | Reached XP level 5. HP: 4/35 MP: 1/8
  3389 | D:5      | Entered Level 5 of the Dungeon
  3390 | D:5      | Found a stormy altar of Qazlal.
  3404 | D:5      | Killed from afar by an orc priest

Illustrated notes

Levels and vault maps discovered:
D:1:      psy_arrival_heroes, layout_loops_ring, serial_shops, shop,
          nicolae_shop_temple_entry_statues_fountains, nicolae_lakefront_shop,
          shop, minmay_misc_feat_rugged
D:2:      layout_loops_corners, basic_altar
D:3:      layout_rooms, nicolae_overflow_crystal_walls,
          yredelemnul_altar_generic
D:4:      layout_loops_ring
D:5:      layout_loops_ring, nemelex_spade_bored_becter, amcnicky_altar_gilded,
          minmay_temple_entry_mist, gammafunk_ghost_cemetery,
          grunt_decor_clamped, minmay_misc_feat_four_crosses

Skill      XL: |  1  2  3  4 |
---------------+-------------+-----
Earth Magic    | 3 4 5 |  5.4
Conjurations   | 2 |  2.0
Dodging        | |  1.7
Stealth        | |  1.7
Spellcasting   | |  2.0
Transmutations | |  0.8

Action                     |  1- 3 |  4- 6 || total
---------------------------+-------+-------++-------
  Melee: Unarmed           |    35 |     2 ||    37
   Cast: Sandblast         |    60 |    42 ||   102
    Use: Potion            |     2 |     1 ||     3
 Armour: Robe              |    23 |     2 ||    25
  Dodge: Dodged            |    62 |    10 ||    72

Table legend: (Time is in decaauts)
 A = Elapsed time spent in this place.
 B = Non-inter-level travel time spent in this place.
 C = Inter-level travel time spent in this place.
 D = Time resting spent in this place.
 E = Time spent auto-exploring this place.
 F = Levels seen in this place.
 G = Mean time per level.
                   A        B        C        D        E       F      G
               +--------+--------+--------+--------+--------+-----+--------+
         Total |   3464 |   3369 |     95 |     22 |   2805 |   5 |  692.8 |
       Dungeon |   3464 |   3369 |     95 |     22 |   2805 |   5 |  692.8 |
               +--------+--------+--------+--------+--------+-----+--------+

Top non-repeatable levels by time:
     D:1: 1155 daAuts
     D:2: 837 daAuts
     D:4: 833 daAuts
     D:3: 620 daAuts
     D:5: 17 daAuts
